 Dungeon Crawl Stone Soup version 0.23-a0-690-g0a1fc62 (webtiles) character file.

147 Lanoc the Poker (level 5, -3/42 HPs)
             Began as a Merfolk Monk on Jan 11, 2019.
             Slain by Robin
             ... wielding a +0 mace of protection
              (9 damage)
             ... on level 3 of the Dungeon.
             The game lasted 00:05:19 (2479 turns).

Lanoc the Poker (Merfolk Monk)                      Turns: 2479, Time: 00:05:20

Health: -3/42      AC:  3    Str: 17    XL:     5   Next: 29%
Magic:  14/14      EV: 15    Int: 10    God:
Gold:   189        SH:  0    Dex: 16    Spells: 4/4 levels left

rFire    . . .     SeeInvis .   a - +0 spear
rCold    . . .     Gourm    .   (no shield)
rNeg     . . .     Faith    .   b - +0 robe
rPois    .         Spirit   .   (no helmet)
rElec    .         Reflect  .   (no cloak)
rCorr    .         Harm     .   i - +0 pair of gloves
MR       .....                  (no boots)
Stlth    ++........             k - amulet of inaccuracy (curse)
HPRegen  0.14/turn              d - ring of magical power
MPRegen  0.14/turn              (no ring)

@: mighty
A: change form in water, swift swim, stealthy swim
a: no special abilities


You were on level 3 of the Dungeon.
You were not hungry.

You visited 1 branch of the dungeon, and saw 3 of its levels.

You collected 189 gold pieces.

Inventory:

Hand Weapons
 a - a +0 spear (weapon)
Armour
 b - a +0 robe (worn)
 i - a +0 pair of gloves (worn)
Jewellery
 d - a ring of magical power (left hand)
 k - a cursed amulet of inaccuracy (around neck)
Scrolls
 h - 2 scrolls of fear {unknown}
 l - a scroll of identify
 m - a scroll of remove curse {unknown}
 o - a scroll of amnesia {unknown}
Potions
 e - a potion of resistance
 f - a potion of heal wounds
 g - a potion of flight
Comestibles
 c - 3 rations
 n - 2 chunks of flesh


   Skills:
 + Level 4.2 Fighting
 * Level 6.7 Polearms
 + Level 5.1 Dodging
 - Level 2.1 Stealth


You had 4 spell levels left.
You didn't know any spells.
Your spell library was empty.

Dungeon Overview and Level Annotations

Branches:
Dungeon (3/15)

Altars:

Annotations:
D:3 Robin


Message History

A goblin comes into view. It is wielding a +0 club.
Attack whom?
Press: ? - help, Dir - move target cursor, f/p - Robin
Aim: Robin, wielding a +0 mace of protection, wearing a cursed +0 animal skin and wearing a +0 helmet (heavily wounded)
You reach to attack!
The goblin shouts!
You hit Robin.
Robin is heavily wounded.
Robin says, "Kneel, worm!"
Attack whom?
Press: ? - help, Dir - move target cursor, f/p - Robin
Aim: Robin, wielding a +0 mace of protection, wearing a cursed +0 animal skin and wearing a +0 helmet (heavily wounded)
You closely miss Robin.
Robin is heavily wounded.
Robin hits you with a +0 mace of protection.
* * * LOW HITPOINT WARNING * * *
You closely miss Robin.
Robin is heavily wounded.
Robin hits you with a +0 mace of protection!
You die...

........# #######.#.##.#####..
......÷.# #)...##.#.)#.#####..
.†......######....##.##.#........
.......g'..............<........>
........#g...#........##.......#.
......gg#....####.....##.......#.
....>.gg#....# #.....###......#.
.......g#....####†....# #......#.
....g.g.#....ggg@)....# #......'.
........#....####†....# ##.....#.
###..g###....# #.....# ##'####.
#...# #....# ####### #..# #.
#...# ###.####### ##.# #. #...#
#.##....# #.###. #...# #.##....#
#..##. #...# #.##....# ##.##.
###...# #.##....####### #..#.


You could see Robin, a hobgoblin and a goblin.

Vanquished Creatures
  6 adders
  A worm (D:2)
  3 dart slugs
  3 leopard geckos
  An orc (D:3)
  2 ball pythons
  6 bats (D:2)
  5 giant cockroaches
  13 goblins
  9 hobgoblins
  8 jackals
  2 quokkas
  2 frilled lizards (D:2)
  5 kobolds
  6 rats
72 creatures vanquished.

Notes
Turn   | Place    | Note
-------+----------+-------------------------------------------
     0 | D:1      | Lanoc the Merfolk Monk began the quest for the Orb.
     0 | D:1      | Reached XP level 1. HP: 18/18 MP: 1/1
   106 | D:1      | Reached XP level 2. HP: 13/24 MP: 2/2
   218 | D:1      | Reached skill level 5 in Polearms
   337 | D:1      | Reached XP level 3. HP: 27/29 MP: 3/3
  1015 | D:2      | Reached XP level 4. HP: 33/37 MP: 4/4
  1048 | D:2      | Reached skill level 6 in Polearms
  1685 | D:2      | Reached skill level 5 in Dodging
  2185 | D:3      | Reached XP level 5. HP: 40/42 MP: 5/5
  2411 | D:3      | Noticed Robin
  2479 | D:3      | Slain by Robin

Vault maps used:
D:1:      dpeg_arrival_round_a, st_stairs_13
D:2:      minmay_misc_feat_diagonals, chequers_serial_rivers_large_b
D:3:      uniq_robin

Skill      XL: |  1  2  3  4 |
---------------+-------------+-----
Polearms       | 5 6 |  6.7
Fighting       | 4 |  4.2
Dodging        | 5 |  5.1
Stealth        | |  2.1

Action                   |  1- 3 |  4- 6 || total
-------------------------+-------+-------++-------
Melee: Spear             |   109 |   221 ||   330
  Use: Scroll            |     4 |     1 ||     5
       Potion            |       |     2 ||     2
 Stab: Sleeping          |     7 |     5 ||    12
       Distracted        |       |     2 ||     2
  Eat: Chunk             |       |     2 ||     2
       Ration            |       |     1 ||     1
Armor: Robe              |     7 |    19 ||    26
Dodge: Dodged            |    50 |   141 ||   191

Table legend:
 A = Non-vault XP
 B = Vault XP
 C = Vault XP percentage of total XP
 D = Non-vault monster count
 E = Vault monster count
 F = Vault count percentage of total count
                 A         B        C        D         E       F
            +---------+---------+-------+---------+---------+-------
      Total |     188 |      22 |  10.5 |      61 |      11 |  15.3
            +---------+---------+-------+---------+---------+-------
        D:1 |      40 |       2 |   4.8 |      19 |       1 |   5.0
        D:2 |     109 |       0 |   0.0 |      33 |       0 |   0.0
        D:3 |      39 |      20 |  33.9 |       9 |      10 |  52.6
            +---------+---------+-------+---------+---------+-------
